 Dungeon Crawl Stone Soup version 0.25.1-2-g60ff931df9 (webtiles) character file.

Game seed: 17316837808677497697

400 raphialitos the Shield-Bearer (level 6, -6/55 HPs)
             Began as a Minotaur Fighter on Oct 21, 2020.
             Mangled by a gnoll
             ... wielding a +0 whip
              (7 damage)
             ... on level 3 of the Dungeon.
             The game lasted 00:07:47 (3281 turns).

raphialitos the Shield-Bearer (Minotaur Fighter)    Turns: 3281, Time: 00:07:48

Health: -6/55      AC:  7    Str: 22    XL:     6   Next: 54%
Magic:  5/5        EV:  8    Int:  5    God:
Gold:   153        SH:  0    Dex: 10    Spells: 5/5 levels left

rFire    . . .     SeeInvis .   a - +2 long sword
rCold    . . .     Gourm    .   c - +0 kite shield
rNeg     . . .     Faith    .   b - +0 scale mail
rPois    .         Spirit   .   (helmet restricted)
rElec    .         Reflect  .   (no cloak)
rCorr    .         Harm     .   (no gloves)
MR       .....                  (no boots)
Stlth    ..........             (no amulet)
HPRegen  0.18/turn              (no ring)
MPRegen  0.09/turn              (no ring)

@: confused, lethally poisoned (-6 -> -10)
A: retaliatory headbutt, horns 2
a: no special abilities


You were on level 3 of the Dungeon.
You were not hungry.

You visited 1 branch of the dungeon, and saw 4 of its levels.

You collected 153 gold pieces.

Inventory:

Hand Weapons
 a - a +2 long sword (weapon)
 w - a +1 vorpal hunting sling
Missiles
 e - 6 boomerangs (quivered)
 j - 23 poisoned darts
Armour
 b - a +0 scale mail (worn)
 c - a +0 kite shield (worn)
 g - a +0 tower shield
Scrolls
 i - 5 scrolls of remove curse
 p - a scroll of teleportation
Potions
 d - a potion of might
 o - 2 potions of degeneration
 q - a potion of cancellation
 x - a potion of lignification
Comestibles
 f - 3 rations


   Skills:
 + Level 4.9 Fighting
 + Level 5.1 Long Blades
 + Level 5.1 Armour
 + Level 2.0 Dodging
 + Level 0.1 Stealth
 + Level 5.2 Shields


You had 5 spell levels left.
You didn't know any spells.
Your spell library was empty.

Dungeon Overview and Level Annotations

Branches:
Dungeon (4/15)
 Temple: D:4-7

Altars:
Fedhas

Annotations:
D:3 1 transporter, Sobieck's ghost, weakling BaHu


Innate Abilities, Weirdness & Mutations

You reflexively headbutt those who attack you in melee.
You have a pair of horns on your head.


Message History

The gnoll hits you with a +0 whip!
* * * LOW HITPOINT WARNING * * *
You bump into the stone wall.
You feel sick.
The gnoll zaps a wand.
Your will is overpowered!
You are more confused.
You feel sick. The gnoll hits you with a +0 whip.
* * * LOW HITPOINT WARNING * * *
Things that are here:
a +0 spear of venom the +2 scale mail of the Sparrow {rN+ Slay+2} a +1 kite shield The gnoll misses you.
There is an open translucent door, spattered with blood here.
Things that are here:
a +0 spear; 11 gold pieces You bump into the stone wall.
You feel sick. The gnoll barely misses you.
You're too confused to move!
The gnoll hits you from afar with a +0 halberd.
* * * LOW HITPOINT WARNING * * *
The gnoll hits you with a +0 whip!
You die...

......≈≈##.###.###.##≈≈.#########
......≈≈#...........#≈≈..........
......≈≈###.##'##.###≈≈.###.#####
......≈≈..#.#...#.#..≈≈.....#....
......≈≈.##.#⌠.⌠#.##.≈≈.###.#.##.
####..≈≈.#..#...#..#.≈≈.# #.#.##.
## #..≈≈.##.##.##.##.≈≈.###.#....
.###......#.#..)#.#..≈≈..##.#....
...#[....©#.'.©g@.#©.≈≈..##.##.#(
≈.........#.#8⌠8#.#..≈≈.....##...
≈..##.≈≈.##.#####g##.≈≈.#.######.
≈≈.##.≈≈.#g.#W:.#..#.≈≈.......)).
≈≈.##.≈≈.##.#...#.##.≈≈...#####..
≈≈.##.≈≈..#.#...#.#..≈≈...#......
≈..##.≈≈###.##'##.###≈≈.(.#.###..
≈.###.≈≈#...........#≈≈...#.# #..
..###.≈≈##.###.###.##≈≈.###.###..


You could see 2 gnolls.

Vanquished Creatures
  Sigmund (D:2)
  A gnoll sergeant (D:3)
  An iguana (D:2)
  4 gnolls (D:3)
  2 oozes
  A worm (D:2)
  3 dart slugs
  A leopard gecko (D:2)
  9 orcs (D:3)
  8 bats
  3 giant cockroaches
  14 goblins
  14 hobgoblins
  4 jackals
  A quokka (D:3)
  2 ball pythons (D:2)
  9 frilled lizards
  10 kobolds
  10 rats
  A plant (D:3)
99 creatures vanquished.

Vanquished Creatures (others)
  6 plants (D:3)
6 creatures vanquished.

Grand Total: 105 creatures vanquished

Notes
Turn   | Place    | Note
-------+----------+-------------------------------------------
     0 | D:1      | raphialitos the Minotaur Fighter began the quest for the
                  | Orb.
     0 | D:1      | Reached XP level 1. HP: 19/19 MP: 0/0
    77 | D:1      | Reached XP level 2. HP: 27/27 MP: 1/1
   912 | D:2      | Reached XP level 3. HP: 33/33 MP: 2/2
  1326 | D:2      | You fall into a shaft and drop 2 floors!
  1401 | D:3      | Found a blossoming altar of Fedhas.
  1661 | D:2      | Noticed Sigmund
  1674 | D:2      | Killed Sigmund
  1674 | D:2      | Reached skill level 5 in Armour
  1674 | D:2      | Reached skill level 1 in Dodging
  1674 | D:2      | Reached XP level 4. HP: 16/41 MP: 3/3
  1674 | D:2      | Reached XP level 5. HP: 18/47 MP: 4/4
  2429 | D:3      | Reached XP level 6. HP: 46/53 MP: 5/5
  2595 | D:3      | Identified the +2 scale mail of the Sparrow {rN+ Slay+2}
  2616 | D:3      | Found a transporter.
  2903 | D:3      | Found a transporter.
  2906 | D:3      | Noticed Sobieck's ghost (weakling BaHu)
  3022 | D:3      | Reached skill level 5 in Shields
  3272 | D:3      | Reached skill level 5 in Long Blades
  3281 | D:3      | HP: 1/55 [gnoll/+0 halberd (6)]
  3281 | D:3      | Mangled by a gnoll

Illustrated notes

Levels and vault maps discovered:
D:1:      dpeg_arrival_connections, layout_basic
D:2:      layout_basic, minmay_split_cup_large, uniq_sigmund
D:3:      layout_basic, gammafunk_ghost_gnarly_gnolls, fedhas_ov_isle_minmay
D:4:      layout_rooms, serial_glass, glass_columns_a, glass_columns_a,
          first_ration

Skill      XL: |  1  2  3  4  5  6 |
---------------+-------------------+-----
Armour         | 4 5 |  5.1
Fighting       | 4 |  4.9
Long Blades    | 3 4 5 |  5.1
Dodging        | 1 2 |  2.0
Shields        | 4 5 |  5.2
Stealth        | |  0.1

Action                   |  1- 3 |  4- 6 || total
-------------------------+-------+-------++-------
Melee: Long sword        |   137 |   108 ||   245
       Headbutt          |    23 |    24 ||    47
  Use: Scroll            |       |    14 ||    14
       Potion            |       |     2 ||     2
  Eat: Chunk             |     3 |     5 ||     8
Armor: Scale mail        |    69 |    48 ||   117
Dodge: Dodged            |    42 |    53 ||    95
Block: Kite shield       |    64 |    96 ||   160
       Rpst.: Long sword |    12 |    16 ||    28
